 Dungeon Crawl Stone Soup version 0.19.1 (webtiles) character file.

54 Pixllover the Skirmisher (level 3, -5/37 HPs)
             Began as a Troll Berserker on Dec 15, 2016.
             Was a Believer of Trog.
             Slain by Robin
             ... wielding a +0 spear
              (8 damage)
             ... on level 2 of the Dungeon.
             The game lasted 00:06:47 (1229 turns).

Pixllover the Skirmisher (Troll Berserker)          Turns: 1229, Time: 00:06:48

Health: -5/37      AC:  6    Str: 25    XL:     3   Next: 66%
Magic:  2/2        EV: 10    Int:  4    God:    Trog [**....]
Gold:   93         SH:  0    Dex:  9    Spells: 0 memorised, 2 levels left

rFire  . . .     SeeInvis .     a - +0 hand axe
rCold  . . .     Gourm    +     b - +1 animal skin
rNeg   . . .     Faith    +     (no shield)
rPois  .         Spirit   .     (helmet restricted)
rElec  .         Reflect  .     (no cloak)
rCorr  .         Harm     .     (gloves unavailable)
MR     .....                    (boots unavailable)
Stlth  +.........               f - amulet of faith
                                (no ring)
                                (no ring)

@: lethally poisoned (-5 -> -6)
A: unfitting armour, claws 3, fast metabolism 3, gourmand, regeneration 1,
shaggy fur 1, tough skin 2
a: Berserk, Trog's Hand, Burn Spellbooks, Renounce Religion


You were on level 2 of the Dungeon.
You worshipped Trog.
Trog was pleased with you.
You were very full.

You visited 1 branch of the dungeon, and saw 2 of its levels.

You collected 93 gold pieces.

Inventory:

Hand Weapons
 a - a +0 hand axe (weapon)
Armour
 b - a +1 animal skin (worn)
Jewellery
 f - an amulet of faith (around neck)
Scrolls
 e - 2 scrolls of enchant armour
 h - 3 scrolls of identify
 j - 2 scrolls of recharging
 n - 2 scrolls of remove curse
Potions
 d - a potion of invisibility {unknown}
 k - 4 potions of heal wounds {unknown}
 l - a potion of mutation {unknown}
 o - a potion of flight {unknown}
 q - a potion of berserk rage {unknown}
 r - 2 potions of lignification {unknown}
Comestibles
 c - 2 bread rations
 i - a slice of pizza
 m - a beef jerky
 p - 4 chunks of flesh


   Skills:
 + Level 3.0 Fighting
 + Level 2.9 Axes
 + Level 2.8 Dodging


You had 2 spell levels left.
You didn't know any spells.

Dungeon Overview and Level Annotations

Branches:
Dungeon (2/15)

Altars:
Kikubaaqudgha
The Shining One

Annotations:
D:2 Robin


Innate Abilities, Weirdness & Mutations

You are too large for most types of armour.
You have claws for hands.
Your metabolism is lightning-fast.
You like to eat raw meat.
Your natural rate of healing is unusually fast.
You are covered in fur. (AC +1)
You have very tough skin. (AC +2)


Message History

* * * LOW HITPOINT WARNING * * *
The adder bites you but does no damage.
The hobgoblin hits you but does no damage.
The goblin barely misses you. Robin hits you but does no damage.
You hit the hobgoblin.
You kill the hobgoblin!
Trog accepts your kill.
You hit the goblin.
You kill the goblin!
Trog accepts your kill.
You barely miss the adder. The adder bites you.
* * * LOW HITPOINT WARNING * * *
The adder misses you. Robin hits you from afar with a spear.
* * * LOW HITPOINT WARNING * * *
Robin barely misses you. The adder bites you.
* * * LOW HITPOINT WARNING * * *
You are poisoned.
The adder poisons you! Robin hits you with a spear!
You die...

#gg# #.((#.#####.# #.#
##g#
#.....รท.....###.##
#)# #...####.##......#
#.####.#####.##......#
#.)).)..g.....#####..#
#..###)#####).#
#..###### #..# #.#
#..# #....(..# ##.#
#.#####g.# ##.###..#
#.# #.#....@.# ###
#.#### #.# #.#.####S#
#..... #.# #.# #b# ###
#..... #.# #.#
bg####.# ##.##.. #..
..# ........####...#..
##.###.#......_.... $.
#.#.#..#...### ..
#.#.#..##.## ...
#.#.#.....#


You could see Robin, an adder, a goblin and a bat.

Vanquished Creatures
  A worm (D:2)
  3 leopard geckos
  A giant cockroach (D:2)
  13 goblins (D:2)
  7 hobgoblins
  6 kobolds
  2 quokkas (D:2)
  2 bats
  4 frilled lizards
  4 rats
43 creatures vanquished.

Notes
Turn   | Place    | Note
-------+----------+-------------------------------------------
     0 | D:1      | Pixllover the Troll Berserker began the quest for the Orb.
     0 | D:1      | Reached XP level 1. HP: 22/22 MP: 0/0
   415 | D:1      | Reached XP level 2. HP: 29/29 MP: 1/1
   872 | D:2      | Found an ancient bone altar of Kikubaaqudgha.
   935 | D:2      | Reached ** piety under Trog
   988 | D:2      | Reached XP level 3. HP: 36/36 MP: 2/2
  1029 | D:2      | Reached skill level 3 in Fighting
  1168 | D:2      | Found a glowing golden altar of the Shining One.
  1168 | D:2      | Noticed Robin
  1229 | D:2      | Slain by Robin

Skill      XL: |  1  2  3 |
---------------+----------+-----
Fighting       | 3 |  3.0
Axes           | |  2.9
Dodging        | |  2.8

Action                   || total
-------------------------++-------
Melee: Hand axe          ||   128
  Use: Scroll            ||     4
       Potion            ||     2
  Eat: Chunk             ||    16
Armor: Animal skin       ||    60
Dodge: Dodged            ||    89
